AoeStats
← felixpinolmediano

Arena

510401879Analyzed
1v1 RM · 2d ago on Sep 30, 2026· 40m 54s· 2 players
Game mode
Random Map
Map size
Tiny (2 player)
Population
200
Speed
Normal
Resources
Standard
Victory
Conquest
Starting age
Dark Age
Ending age
Imperial Age
RankedLock teamsTeams togetherTeam positionsShared explorationLock speedFull tech treeHidden civsTurbo modeCheats
Victory
Defeat
🇨🇱 Portuguese · Chile
808
+18
🇪🇸 Tatars · Spain
856
-31
mat.2bk
10:39 Feudal Age
16:02 Castle Age
15:23 Double-Bit Axe
15:40 Horse Collar
15:54 Stone Mining
21:50 Wheelbarrow
21:46 Gold Mining
23:47 Hand Cart
24:36 Horse Collar
26:22 Town Watch
27:25 Pikeman
28:30 Treadmill Crane
28:46 Murder Holes
30:56 Elite Skirmisher
31:28 Fletching
34:10 Imperial Age
33:17 Forging
33:04 Bodkin Arrow
33:10 Padded Archer Armor
34:56 Town Patrol
34:41 Loom
35:08 Heavy Plow
35:47 Iron Casting
35:12 Bracer
37:38 Blast Furnace
36:56 Leather Archer Armor
36:04 Halberdier
37:26 Ballistics
37:12 Siege Engineers
38:12 Chemistry
37:25 Masonry
37:27 Fortified Wall
37:56 Arson
39:01 Crop Rotation
39:10 Stone Shaft Mining
41:07 Conscription
40:48 Circumnavigation
felixpinolmediano
11:00 Feudal Age
11:57 Double-Bit Axe
11:56 Horse Collar
15:55 Wheelbarrow
20:01 Castle Age
19:10 Forging
19:06 Scale Barding Armor
19:15 Bloodlines
21:35 Heavy Plow
21:49 Bow Saw
21:32 Gold Mining
22:06 Chain Barding Armor
22:21 Iron Casting
28:41 Light Cavalry
29:22 Husbandry
32:23 Elite Skirmisher
37:13 Imperial Age
35:18 Ballistics
35:05 Padded Archer Armor
34:55 Fletching
Connection lost

Rejoining the realm…

Still unreachable

The connection could not be restored.

Session expired

The server has moved on; the page needs a fresh start.